[Event "Late-Titled-Tuesday-Blitz-May-14-2024"]
[Site "Chess.com"]
[Date "2024.05.14"]
[Round "9"]
[White "ATM622"]
[Black "Meri-Arabidze"]
[Result "1/2-1/2"]
[WhiteElo "2559"]
[BlackElo "2680"]
[TimeControl "180+1"]
[EndTime "15:45:30 PDT"]
[Termination "Game drawn - insufficient material"]

1. d4 Nf6 2. c4 e6 3. g3 d5 4. Bg2 Be7 5. Nf3 O-O 6. O-O dxc4 7. Ne5 Nc6 8. Bxc6 bxc6 9. Nxc6 Qe8 10. Nxe7+ Qxe7 11.
Qc2 e5 12. dxe5 Qxe5 13. Bf4 Qc5 14. Nd2 Ba6 15. Rac1 c3 16. Qxc3 Qxc3 17. Rxc3 Nd5 18. Rc5 Nxf4 19. gxf4 Bxe2 20. Re1 Bg4 21. Rxc7 Be6 22.
a4 a5 23. Re5 g6 24. Kg2 Rfb8 25.
Ne4 Rxb2 26. Nf6+ Kf8 27. Nxh7+ Kg8 28. Ng5 Ba2 29. Ree7 Rf8 30. Ra7 Bd5+ 31. Kg3 Rb3+ 32. f3 Rc8 33. Rxa5 Bxf3 34. Nxf3 Rcc3 35. Ra8+ Kg7 36. Raa7 Rxf3+ 37. Kg4 Rf2 38. Rxf7+ Kg8 39. Rfb7 Rg2+ 40. Kh4 Rxh2+ 41. Kg5 Rg2+ 42. Kf6 Rxb7 43. Rxb7 Rg4 44. Rb4 g5 45. Rb8+ Kh7 46. Rb7+ Kh8 47. Rb8+ Kh7 48. fxg5 Rf4+ 49. Ke5 Rxa4 50. Kf5 Ra5+ 51.
Kg4 Kg7 52. Kh5 Ra6 53. Rb7+ Kg8 54. Rc7 Rb6 55. Ra7 Rc6 56. Rd7 Ra6 57. Rc7 Rb6 58. Ra7 Rc6 59. Ra1 Rb6 60. Rf1 Rc6 61. Re1 Rb6 62.
Kg4 Rb4+ 63. Kh5 Rb6 64. Re8+ Kf7 65. Rh8 Kg7 66. Rd8 Ra6 67. Rb8 Rc6 68. Rb7+ Kg8 69. Rd7 Rb6 70. Rc7 Ra6 71. Rb7 Rc6 72. Rb5 Ra6 73.
Rf5 Rb6 74. Rf4 Ra6 75. Kg4 Rb6 76. Re4 Ra6 77. Re5 Rb6 78. Kf5 Kg7 79. Ra5 Rc6 80. Ra7+ Kg8 81. Re7 Ra6 82. g6 Ra1 83. Re8+ Kg7 84.
Re7+ Kg8 85. Rb7 Rf1+ 86. Ke4 Re1+ 87. Kf5 Rf1+ 88. Ke6 Re1+ 89. Kd5 Rd1+ 90. Ke4 Re1+ 91. Kf3 Rg1 92. g7 Rxg7 93. Rxg7+ Kxg7 1/2-1/2

[Event "Late-Titled-Tuesday-Blitz-May-14-2024"]
[Site "Chess.com"]
[Date "2024.05.14"]
[Round "9"]
[White "ChadBiryani"]
[Black "Kombinator01"]
[Result "0-1"]
[WhiteElo "2545"]
[BlackElo "2404"]
[TimeControl "180+1"]
[EndTime "15:45:38 PDT"]
[Termination "Kombinator01 won on time"]

1. d4 d5 2. Nc3 Nf6 3. Bf4 a6 4. e3 c5 5. Nf3 cxd4 6. exd4 Nc6 7. Be2 Bg4 8. O-O e6 9. Na4 Be7 10. c3 O-O 11. b4 Ne4 12. Qb3 Rc8 13. Nc5 Bxc5 14. bxc5 Qf6 15. Be3 Qe7 16. h3 Bh5 17.
Rab1 Rc7 18. Bf4 Rd7 19. Rb2 f6 20. Re1 Qf7 21. Nd2 Bxe2 22. Rxe2 Nxd2 23. Rbxd2 Na5 24.
Qb1 Nc4 25. Rd1 e5 26. Bg3 e4 27. f3 f5 28. fxe4 fxe4 29. Rf2 Qe8 30. Rdf1 Rdf7 31. Rxf7 Rxf7 32. Rxf7 Qxf7 33. c6 bxc6 34. Qb8+ Qf8 35. Qc7 Qe8 36. Kh2 e3 37. h4 h6 38. Qf4 e2 39.
Be1 a5 40. a4 Qe7 41. h5 Qf7 42. Qb8+ Kh7 43. Qg3 Qxh5+ 44. Kg1 Qg6 45. Qf3 h5 46. Qxe2 Qf5 47. Kh2 Qf4+ 48. Bg3 Qe3 49. Qxh5+ Qh6 50. Qxh6+ Kxh6 51. Bc7 Kg6 52. Kg3 Kf5 53. Kf3 g6 54.
g4+ Ke6 55. Kf4 Nb2 56. Bxa5 Nxa4 57. Kg5 Kf7 58. Kf4 Kf6 59. Bd8+ Ke6 60. Kg5 Nxc3 61. Kxg6 Ne2 62. Bb6 Nf4+ 63. Kg5 Nh3+ 64. Kh4 Nf4 65. Kg5 Nh3+ 66. Kh5 Kf6 67. Bd8+ Kg7 68. g5 Nf4+ 69.
Kg4 Ne6 70. Bb6 Kg6 71. Ba7 Nxg5 72. Kf4 Nf7 73. Bc5 Kf6 74. Bb6 Ke6 75. Bc5 Nd6 76. Ke3 Nc4+ 77. Kf4 Na5 78. Bb6 Nb3 79. Kg5 Nd2 80. Kf4 Kd6 81. Bc5+ Kd7 82. Bb6 Nc4 83. Bc5 Nd2 84. Ke3 Ne4 85. Bb4 Kc7 86. Kd3 Kb6 87. Be7 Kb5 88. Bf8 Nf6 89. Be7 Nd7 90. Bd6 Nb6 91. Bf8 Nc4 92. Kc3 Ne3 93. Be7 Nf5 94.
Bf8 Ka4 95. Bc5 Kb5 96. Kd3 Ng7 97. Ke3 Ne6 98. Be7 Kc4 99. Bf6 Kc3 100. Be5 Kc4 101. Bf6 c5 102. dxc5 Nxc5 103. Kd2 Ne4+ 104. Ke3 Nxf6 0-1

[Event "Late-Titled-Tuesday-Blitz-May-14-2024"]
[Site "Chess.com"]
[Date "2024.05.14"]
[Round "9"]
[White "jcmesafischer"]
[Black "DishonorOnYourCow"]
[Result "0-1"]
[WhiteElo "2329"]
[BlackElo "2543"]
[TimeControl "180+1"]
[EndTime "15:45:54 PDT"]
[Termination "DishonorOnYourCow won by checkmate"]

1. e4 c5 2. Nc3 d6 3. g3 Nc6 4. Bg2 g6 5. d3 Bg7 6. Be3 e6 7.
Nge2 Nge7 8. O-O O-O 9. f4 Nd4 10. Qd2 Nec6 11. Rae1 Rb8 12. Nd1 b5 13. c3 Nxe2+ 14.
Qxe2 b4 15. e5 Bb7 16. exd6 Qxd6 17. Qf2 Qxd3 18. Bxc5 Rfd8 19. cxb4 Nxb4 20. Bxa7 Bxg2 21. Kxg2 Rbc8 22. Nc3 Bxc3 23. bxc3 Qd5+ 24. Qf3 Rxc3 25. Qxd5 Rxd5 26. Rd1 Ra3 27. Rxd5 Nxd5 28. Bd4 Rxa2+ 29. Rf2 Ra4 30. Be5 f6 31. Bb2 Kf7 32. Kf3 Ra2 33. Bd4 Ra3+ 34. Kg2 Rd3 35. Bb2 Ne3+ 36. Kh3 h5 37.
Rf3 Ng4 38. Rxd3 Nf2+ 39. Kg2 Nxd3 40. Bc3 Nc5 41. Kf3 Nd7 42. h3 Nb6 43. g4 hxg4+ 44. hxg4 Nd5 45. Bd4 Ke7 46. Ke4 Kd6 47. f5 gxf5+ 48.
gxf5 e5 49. Bf2 Nc3+ 50. Kd3 Nb5 51. Kc4 Nc7 52. Bc5+ Kc6 53. Bf2 Nd5 54. Bh4 Kd6 55.
Bf2 Nf4 56. Bc5+ Kc6 57. Bf2 Nh5 58. Bh4 Kd6 59. Bf2 Ke7 60. Kd5 Kf7 61. Ke4 Ng7 62.
Be3 Ne8 63. Bc5 Ng7 64. Bd6 Nh5 65. Bc5 Ng3+ 66. Kd5 Nxf5 67. Bd6 Ne3+ 68. Ke4 Nc4 69. Bc7 Ke6 70. Kd3 Nb2+ 71. Kc3 Nd1+ 72. Kd2 Nf2 73. Ke3 Ng4+ 74. Kf3 f5 75. Kg3 Nf6 76. Kf3 e4+ 77. Ke2 Nd5 78. Bb8 f4 79. Kf2 Kf5 80. Ke2 Nb4 81. Ba7 Nc6 82. Bc5 Ne5 83. Bd4 f3+ 84.
Kf2 Ng4+ 85. Kg3 Ne5 86. Be3 Nc4 87. Bd4 Ke6 88. Kf4 Kd5 89. Bf2 Nb2 90. Ke3 Nd3 91.
Bg3 Nb2 92. Bf4 Nc4+ 93. Kf2 Kd4 94. Bg5 Kd3 95. Bf4 Nb2 96. Bg5 Nd1+ 97. Kg3 Nc3 98. Kf2 Nd1+ 99. Kg3 Ke2 100. Bf4 e3 101. Bxe3 Nxe3 102. Kh2 f2 103. Kg3 f1=Q 104. Kh2 Qf2+ 105. Kh3 Qg2+ 106. Kh4 Qg4# 0-1

[Event "Late-Titled-Tuesday-Blitz-May-14-2024"]
[Site "Chess.com"]
[Date "2024.05.14"]
[Round "9"]
[White "Agibileg"]
[Black "Sanan_Sjugirov"]
[Result "1/2-1/2"]
[WhiteElo "2880"]
[BlackElo "3029"]
[TimeControl "180+1"]
[EndTime "15:46:48 PDT"]
[Termination "Game drawn - insufficient material"]

1. d4 d5 2. c4 c6 3. Nf3 Nf6 4. Nc3 dxc4 5. a4 Bf5 6. Ne5 Nbd7 7. Nxc4 Nb6 8. Ne5 a5 9. e3 h6 10. Bd3 Bxd3 11. Qxd3 e6 12. O-O Bb4 13. e4 O-O 14. Be3 Nfd7 15. Nxd7 Nxd7 16. Rfd1 Qe7 17. Qe2 Rfd8 18. h3 Nf6 19. Qf3 Rd7 20. Rd3 Rad8 21.
Rad1 e5 22. Qg3 Bxc3 23. Bxh6 Nh5 24. Qg4 Qe6 25. Qxh5 Bxd4 26. Bg5 Bxf2+ 27. Kxf2 Rxd3 28. Bxd8 Qb3 29. Rxd3 Qxd3 30. Bc7 Qd4+ 31. Kf1 Qxb2 32. Qxe5 Qc1+ 33. Kf2 Qc2+ 34. Kg1 Qxa4 35. Bxa5 f6 36. Qe8+ Kh7 37. Qh5+ Kg8 38. Qf5 b5 39. Bc3 b4 40.
Bb2 Qc2 41. Qf2 Qxe4 42. Qc5 b3 43. Qc3 Qd5 44. Kh2 c5 45. Ba3 c4 46. Bb2 Qd6+ 47.
Kg1 Qc5+ 48. Qd4 Qc6 49. Kf2 Qe6 50. Kf3 Qf5+ 51. Ke3 Qe6+ 52. Kd2 Qc6 53. Kc3 Qxg2 54.
Qxc4+ Kh8 55. Qc8+ Kh7 56. Qf5+ Kg8 57. Kxb3 Qb7+ 58.
Kc2 Qc6+ 59. Bc3 Qg2+ 60. Kd3 Qg3+ 61. Kc2 Qg2+ 62. Bd2 Qg3 63. Qe6+ Kh7 64. Qf5+ Kg8 65. Qc8+ Kh7 66. Qc3 Qg2 67. Qd3+ Kh8 68. Kd1 Qg1+ 69. Ke2 Qg2+ 70. Ke1 Qg1+ 71. Qf1 Qg3+ 72. Ke2 Kg8 73. Qf3 Qh2+ 74. Kd3 Qd6+ 75. Ke3 Qe5+ 76. Kf2 Qh2+ 77.
Qg2 Qe5 78. Be3 Qf5+ 79. Qf3 Qc2+ 80. Kg3 Qg6+ 81. Qg4 Qd3 82. Qe6+ Kh7 83. Kf3 Qf1+ 84. Ke4 Qg2+ 85. Kd3 Qf1+ 86. Kd2 Qg2+ 87. Ke1 Qh1+ 88. Kf2 Qh2+ 89. Kf3 Qh1+ 90. Ke2 Qg2+ 91. Bf2 Qb7 92. h4 Qb5+ 93. Kf3 Qd3+ 94. Kg2 Qg6+ 95. Kh3 Qd3+ 96. Bg3 Qf1+ 97. Kh2 Qf3 98. Qh3 Qe2+ 99. Qg2 Qd3 100. Qf2 Qe4 101. Qf4 Qc2+ 102. Kh3 Qd3 103. Kg4 Qd7+ 104. Qf5+ Qxf5+ 105.
Kxf5 Kh6 106. Kg4 g5 107. h5 f5+ 108. Kxf5 Kxh5 109. Be5 g4 110. Bf4 g3 111. Bxg3 1/2-1/2

[Event "Late-Titled-Tuesday-Blitz-May-14-2024"]
[Site "Chess.com"]
[Date "2024.05.14"]
[Round "10"]
[White "BabageldiAnnaberdiyev"]
[Black "mostafa_sakha"]
[Result "1-0"]
[WhiteElo "2563"]
[BlackElo "2386"]
[TimeControl "180+1"]
[EndTime "15:48:32 PDT"]
[Termination "BabageldiAnnaberdiyev won by resignation"]

1. e4 e5 2. Nf3 Nc6 3. Bc4 Nf6 4.
d4 exd4 5. O-O Nxe4 6. Re1 d5 7.
Bxd5 Qxd5 8. Nc3 Qa5 9. Nxe4 Be6 10. Neg5 O-O-O 11. Nxe6 fxe6 12. Rxe6 Be7 13. Bd2 Qd5 14. Qe2 Bf6 15. Qe4 Qxe4 16. Rxe4 Rhe8 17. Rae1 Kd7 18. Kf1 Rxe4 19. Rxe4 Re8 20. Rxe8 Kxe8 21. Ke2 Nb4 22. Bxb4 1-0

[Event "Late-Titled-Tuesday-Blitz-May-14-2024"]
[Site "Chess.com"]
[Date "2024.05.14"]
[Round "10"]
[White "katharinareinecke"]
[Black "simaopdias"]
[Result "1-0"]
[WhiteElo "1933"]
[BlackElo "2208"]
[TimeControl "180+1"]
[EndTime "15:50:22 PDT"]
[Termination "katharinareinecke won by resignation"]

1. d4 d5 2. Nf3 Nf6 3. g3 e6 4. Bg2 Be7 5. O-O O-O 6. c4 b6 7.
cxd5 exd5 8. Nc3 Bb7 9. a3 Nbd7 10. b4 a5 11. b5 Re8 12. Bf4 Ne4 13. Nxe4 dxe4 14.
Nd2 Nf6 15. Be5 Bd6 16. Bxf6 Qxf6 17. e3 Qg5 18. Qc2 f5 19. Nc4 Be7 20. Ne5 Bd6 21. Nc4 Bf8 22. Ne5 Rac8 23. Qc4+ Kh8 24. Nf7+ 1-0

[Event "Late-Titled-Tuesday-Blitz-May-14-2024"]
[Site "Chess.com"]
[Date "2024.05.14"]
[Round "10"]
[White "rdarruda"]
[Black "jaramsdal"]
[Result "1-0"]
[WhiteElo "2498"]
[BlackElo "2366"]
[TimeControl "180+1"]
[EndTime "15:50:25 PDT"]
[Termination "rdarruda won by resignation"]

1. d4 Nf6 2. Nf3 g6 3. Nc3 d5 4. Bg5 Bg7 5. Bxf6 Bxf6 6. e4 dxe4 7. Nxe4 Bg7 8. Bc4 O-O 9. O-O Nd7 10. Qe2 a6 11.
Rad1 b5 12. Bb3 Bb7 13. Rfe1 Qc8 14. h4 c5 15. Nxc5 Nxc5 16. dxc5 Qxc5 17. Qxe7 Bxf3 18.
Qxc5 Bxd1 19. Rxd1 Bxb2 20. Rd7 Bg7 21. Qc7 Rac8 22.
Qb7 Rb8 23. Qf3 Rbd8 24. Rxd8 Rxd8 25. Qxf7+ Kh8 26. g3 a5 27. a4 bxa4 28. Bxa4 Rf8 29. Qd5 h5 30. Kg2 Kh7 31. Bb5 Rf5 32. Qc6 Bd4 33.
f4 Re5 34. fxe5 Bxe5 1-0

[Event "Late-Titled-Tuesday-Blitz-May-14-2024"]
[Site "Chess.com"]
[Date "2024.05.14"]
[Round "10"]
[White "hsd2016"]
[Black "emeli_chess"]
[Result "0-1"]
[WhiteElo "2314"]
[BlackElo "2409"]
[TimeControl "180+1"]
[EndTime "15:50:29 PDT"]
[Termination "emeli_chess won by resignation"]

1. e4 c5 2. Nf3 d6 3. d4 cxd4 4. Nxd4 Nf6 5. Nc3 a6 6. h3 e6 7. g4 b5 8. a3 Bb7 9. Bg2 Qc7 10. Be3 Nc6 11. Qd2 Ne5 12. Ndxb5 axb5 13. Nxb5 Qa5 14.
O-O Qxb5 15. b3 Bxe4 16. f4 Nc6 17. c4 Qxb3 18. g5 Bxg2 19. Kh2 0-1

[Event "Late-Titled-Tuesday-Blitz-May-14-2024"]
[Site "Chess.com"]
[Date "2024.05.14"]
[Round "10"]
[White "Meri-Arabidze"]
[Black "doublesik"]
[Result "1-0"]
[WhiteElo "2685"]
[BlackElo "2547"]
[TimeControl "180+1"]
[EndTime "15:50:43 PDT"]
[Termination "Meri-Arabidze won by resignation"]

1. Nf3 d5 2. c4 e6 3. g3 Nf6 4.
Bg2 dxc4 5. Qa4+ Nbd7 6. Qxc4 a6 7. d3 c5 8. Qb3 Be7 9. a4 O-O 10. a5 Nd5 11. O-O Qc7 12. Bd2 N7f6 13. Na3 Bd7 14. Nc4 Rfd8 15. Rfc1 Be8 16. e4 Nb4 17. Bxb4 cxb4 18.
Nb6 Qb8 19. Nxa8 Qxa8 20. Ne5 Bd6 21. Nc4 e5 22. Nxd6 Rxd6 23. Qxb4 Rxd3 24. Rd1 Bb5 25. Rxd3 Bxd3 26. Rd1 Bb5 27. Qe7 1-0

[Event "Late-Titled-Tuesday-Blitz-May-14-2024"]
[Site "Chess.com"]
[Date "2024.05.14"]
[Round "10"]
[White "Hakiki_satranc"]
[Black "rhwr"]
[Result "1-0"]
[WhiteElo "2415"]
[BlackElo "2296"]
[TimeControl "180+1"]
[EndTime "15:50:47 PDT"]
[Termination "Hakiki_satranc won by resignation"]

1. e4 c5 2. Nf3 d6 3. d4 cxd4 4. Nxd4 Nf6 5. Bb5+ Bd7 6. O-O e5 7. Bxd7+ Qxd7 8. Nf5 d5 9. f3 Bc5+ 10. Kh1 O-O 11. Bg5 dxe4 12. Bxf6 Qxf5 13. fxe4 Qxe4 14. Nc3 Qd4 15. Qh5 gxf6 16. Rad1 Qe3 17. Nd5 1-0

[Event "Late-Titled-Tuesday-Blitz-May-14-2024"]
[Site "Chess.com"]
[Date "2024.05.14"]
[Round "10"]
[White "OIAM03"]
[Black "lilylg"]
[Result "0-1"]
[WhiteElo "1975"]
[BlackElo "2208"]
[TimeControl "180+1"]
[EndTime "15:51:34 PDT"]
[Termination "lilylg won by resignation"]

1. e4 c6 2. Nf3 d5 3. Nc3 Bg4 4. h3 Bxf3 5. Qxf3 e6 6. d4 Nf6 7.
e5 Nfd7 8. Bf4 c5 9. O-O-O cxd4 10. Rxd4 Nc6 11. Rd1 Bb4 12. Qg3 Qa5 13. Qxg7 O-O-O 14. Kb1 Bxc3 15. bxc3 Nc5 16. Bd3 Na4 0-1

[Event "Late-Titled-Tuesday-Blitz-May-14-2024"]
[Site "Chess.com"]
[Date "2024.05.14"]
[Round "10"]
[White "lamomiajunior"]
[Black "maximnovik"]
[Result "1-0"]
[WhiteElo "2791"]
[BlackElo "2596"]
[TimeControl "180+1"]
[EndTime "15:51:42 PDT"]
[Termination "lamomiajunior won on time"]

1. d4 Nf6 2. Nc3 d5 3. Bf4 c6 4. e3 g6 5. Be2 Bg7 6. h4 h5 7.
Nf3 Bg4 8. Ne5 Bxe2 9. Qxe2 Nfd7 10. e4 Nxe5 11. dxe5 d4 12. O-O-O c5 13. Qb5+ Nd7 14. Nd5 O-O 15. Bg5 Re8 16. f4 f6 17. g4 fxg5 18. hxg5 hxg4 19. Qe2 Nb6 20. Qxg4 Qc8 21. f5 Nxd5 22.
e6 Ne3 23. Qh3 Qc7 24. Qh7+ Kf8 25. Qxg6 1-0

[Event "Late-Titled-Tuesday-Blitz-May-14-2024"]
[Site "Chess.com"]
[Date "2024.05.14"]
[Round "10"]
[White "Anton_Demchenko"]
[Black "ImportedItalianMaple"]
[Result "1-0"]
[WhiteElo "2844"]
[BlackElo "2574"]
[TimeControl "180+1"]
[EndTime "15:52:05 PDT"]
[Termination "Anton_Demchenko won by resignation"]

1. e4 g6 2. d4 Bg7 3. Nf3 d6 4. Bc4 a6 5. Bb3 b5 6. O-O Bb7 7. Re1 e6 8. Nbd2 Nd7 9. c3 c5 10. Nf1 Ngf6 11. Ng3 O-O 12. Bf4 Qb6 13. Qd2 Rfd8 14.
Bh6 Bh8 15. Qf4 cxd4 16. cxd4 e5 17. dxe5 Nxe5 18. Ng5 Rd7 19. Rad1 Neg4 20. Rxd6 Qc7 21. Rxd7 Qxd7 22. Bxf7+ 1-0

[Event "Late-Titled-Tuesday-Blitz-May-14-2024"]
[Site "Chess.com"]
[Date "2024.05.14"]
[Round "10"]
[White "m_ezat"]
[Black "Supelyel"]
[Result "1-0"]
[WhiteElo "2611"]
[BlackElo "2438"]
[TimeControl "180+1"]
[EndTime "15:52:08 PDT"]
[Termination "m_ezat won by resignation"]

1. e4 d6 2. d4 Nf6 3. Nd2 e5 4. Ngf3 Nbd7 5. Bc4 Be7 6. O-O O-O 7. Re1 c6 8. a4 a5 9. b3 h6 10. Ba3 Re8 11. Nf1 Qc7 12. Ng3 Nb6 13. Bf1 Bg4 14. h3 Bxf3 15. Qxf3 g6 16. dxe5 dxe5 17. Bxe7 Qxe7 18.
Qe3 Nbd7 19. Qxh6 Qf8 20. Qh4 Kg7 21. Re3 Qc5 22. Rd1 Re6 23. Bc4 Rd6 24. Rxd6 Qxd6 25.
Rd3 Qe7 26. Nf5+ gxf5 27. Rg3+ 1-0

[Event "Late-Titled-Tuesday-Blitz-May-14-2024"]
[Site "Chess.com"]
[Date "2024.05.14"]
[Round "10"]
[White "Evgeny81"]
[Black "DeArron_Fox"]
[Result "1-0"]
[WhiteElo "2764"]
[BlackElo "2550"]
[TimeControl "180+1"]
[EndTime "15:52:09 PDT"]
[Termination "Evgeny81 won on time"]

1. e4 c5 2. c3 d5 3. exd5 Qxd5 4. d4 Nf6 5. Nf3 e6 6. Be2 Nc6 7. O-O cxd4 8. cxd4 Be7 9. Nc3 Qd8 10. Bd3 O-O 11.
Qe2 b6 12. Rd1 Bb7 13. Be3 Nb4 14. Bb1 Rc8 15. a3 Nbd5 16. Bd2 Bd6 17. Ne5 a6 18.
Bd3 b5 19. Ne4 Nxe4 20. Bxe4 Qe7 21. Qf3 Ba8 22. Qh3 Nf6 23. Bxa8 Rxa8 24. Bg5 Rfc8 25. Ng4 Kh8 26. Qh4 Nxg4 27. Bxe7 1-0

[Event "Late-Titled-Tuesday-Blitz-May-14-2024"]
[Site "Chess.com"]
[Date "2024.05.14"]
[Round "10"]
[White "campochess"]
[Black "mouseslips_are_the_best"]
[Result "0-1"]
[WhiteElo "2132"]
[BlackElo "2374"]
[TimeControl "180+1"]
[EndTime "15:52:10 PDT"]
[Termination "mouseslips_are_the_best won by resignation"]

1. e4 e6 2. Qe2 c5 3. Nf3 Nc6 4. b3 Nf6 5. Bb2 d5 6. exd5 Nxd5 7. Nc3 Nd4 8. Nxd4 cxd4 9. Nxd5 Qxd5 10. Qb5+ Qxb5 11. Bxb5+ Bd7 12. Bxd7+ Kxd7 13. c3 d3 14. O-O e5 15. Rfe1 Bd6 16. c4 Rhe8 17. f3 Bb4 18. Bc3 Bxc3 19. dxc3 Kc6 20. Rad1 Rad8 21. Re3 d2 22. Kf2 f5 23. Ke2 e4 24. Rxd2 exf3+ 25. gxf3 f4 26. Rxe8 Rxe8+ 27. Kf2 Re3 28. Rc2 g5 29. b4 h5 30. h3 a6 31. a4 a5 32.
Kg2 b6 33. Kf2 Kc7 34. c5 bxc5 35. bxa5 Kb7 36. Rb2+ Ka6 37. Rb6+ Kxa5 38. Rg6 Rxc3 39. Rxg5 Rc2+ 40. Kf1 Rc1+ 41. Kf2 Rc2+ 42. Kf1 Rc1+ 43.
Kf2 Kxa4 44. Rxh5 c4 45. Rf5 c3 46. Rxf4+ Kb3 47. Rf8 Rh1 48. Kg3 c2 49. Rc8 c1=Q 50. Rxc1 Rxc1 51. f4 Kc4 52. f5 Kd5 53. Kf4 Rf1+ 54.
Kg4 Ke5 0-1

[Event "Late-Titled-Tuesday-Blitz-May-14-2024"]
[Site "Chess.com"]
[Date "2024.05.14"]
[Round "10"]
[White "SHIVACalypso"]
[Black "GoltsevDmitry2000"]
[Result "1/2-1/2"]
[WhiteElo "2567"]
[BlackElo "2739"]
[TimeControl "180+1"]
[EndTime "15:52:20 PDT"]
[Termination "Game drawn by repetition"]

1. Nf3 d5 2. c4 Nf6 3. cxd5 Nxd5 4. d4 e6 5. g3 c5 6. Bg2 Nc6 7. O-O Nf6 8. dxc5 Qxd1 9. Rxd1 Bxc5 10. Nc3 a6 11. Bg5 O-O 12. Bxf6 gxf6 13. Ne4 Be7 14. Nd6 Rd8 15. Nxc8 Raxc8 16. Rac1 f5 17. e3 Bf6 18. Nd4 Nb4 19. Rxc8 Rxc8 20. a3 Bxd4 21. axb4 Bxb2 22. Bxb7 Rc4 23. Bxa6 Rxb4 24. Rb1 Kf8 25. Kg2 Ke7 26. Kf3 Kd6 27. h4 h6 28. Rd1+ Ke7 29. Rb1 Kf6 30. Ke2 Ke7 31. Bd3 Kd6 32. Kd2 Ke7 33.
Kc2 Ba3 34. Rxb4 Bxb4 35. Kd1 Kf6 36. Ke2 Ke5 37. Bb5 Kf6 38. Ba4 Ke5 39. Be8 Kf6 40.
Bb5 Ke7 41. Ba4 e5 42. Bb3 Kf6 43. Kf3 Ba5 44. Bc4 Bb6 45. Bb3 Ba7 46. Bc4 Bb6 47. Ba2 Bc5 48. Bb3 Bb6 49. Ba2 Bc5 50.
Bb3 Bb6 51. Ba2 1/2-1/2

[Event "Late-Titled-Tuesday-Blitz-May-14-2024"]
[Site "Chess.com"]
[Date "2024.05.14"]
[Round "10"]
[White "betta2004"]
[Black "BardArtem"]
[Result "1-0"]
[WhiteElo "2564"]
[BlackElo "2718"]
[TimeControl "180+1"]
[EndTime "15:52:20 PDT"]
[Termination "betta2004 won by checkmate"]

1. e4 e5 2. Nf3 Nc6 3. d4 exd4 4.
Nxd4 Bb4+ 5. c3 Bc5 6. Be3 Bb6 7. Nf5 Bxe3 8. Nxe3 Nf6 9. f3 O-O 10. c4 d6 11. Nc3 Nd7 12. Be2 a5 13. O-O Nc5 14.
Qd2 Kh8 15. Ncd5 f5 16. exf5 Bxf5 17. Nxf5 Rxf5 18. f4 Ne7 19. Bg4 Rf8 20. Rae1 Nxd5 21. Qxd5 Qf6 22. b3 Rae8 23. g3 g6 24. Kg2 Kg7 25.
h4 h5 26. Bf3 c6 27. Qd2 a4 28. b4 Ne6 29. Qxd6 Nd4 30. Qd7+ Qf7 31. Qxd4+ Kh7 32. Qc3 Qg8 33. Rxe8 Rxe8 34. Re1 Rd8 35. Re7+ Kh6 36.
f5 Qf8 37. Qe3+ g5 38. hxg5# 1-0

[Event "Late-Titled-Tuesday-Blitz-May-14-2024"]
[Site "Chess.com"]
[Date "2024.05.14"]
[Round "10"]
[White "DonPreuss"]
[Black "Savagelittlemole"]
[Result "0-1"]
[WhiteElo "2259"]
[BlackElo "2521"]
[TimeControl "180+1"]
[EndTime "15:52:27 PDT"]
[Termination "Savagelittlemole won by resignation"]

1. d4 Nf6 2. Nc3 c5 3. d5 e6 4. e4 exd5 5. exd5 d6 6. Bd3 g6 7. Nge2 Bg7 8. O-O O-O 9. f4 Nbd7 10. Ng3 h6 11. f5 g5 12. Nh5 Ne5 13. Nxg7 Kxg7 14.
Ne4 Nxe4 15. Bxe4 f6 16. c4 Bd7 17. b3 b5 18. Bb2 bxc4 19. Bxe5 Re8 20. Qh5 Rxe5 21.
Qg6+ Kf8 22. Qxh6+ Kg8 23. Qg6+ Kf8 24. Qh6+ Ke7 25.
Qg6 Qh8 0-1

[Event "Late-Titled-Tuesday-Blitz-May-14-2024"]
[Site "Chess.com"]
[Date "2024.05.14"]
[Round "10"]
[White "MarkusRagger"]
[Black "Statham_01"]
[Result "1-0"]
[WhiteElo "2823"]
[BlackElo "2643"]
[TimeControl "180+1"]
[EndTime "15:52:40 PDT"]
[Termination "MarkusRagger won by resignation"]

1. d4 e5 2. e3 e4 3. c4 c6 4.
Nc3 d5 5. Qb3 Nf6 6. Nh3 Bd6 7.
Bd2 O-O 8. cxd5 cxd5 9. Nxd5 Nc6 10.
Nhf4 Be6 11. Nxe6 fxe6 12. Nc3 Kh8 13. Qxe6 Nb4 14. Rc1 Rc8 15. a3 Nc6 16. Be2 a6 17. O-O Rc7 18. Nxe4 Bxh2+ 19. Kxh2 Re7 20. Qd6 Nxe4 21.
Qxd8 Nxd8 22. Bb4 1-0

[Event "Late-Titled-Tuesday-Blitz-May-14-2024"]
[Site "Chess.com"]
[Date "2024.05.14"]
[Round "10"]
[White "SoCalJuniorChess"]
[Black "dianamirza"]
[Result "1-0"]
[WhiteElo "2206"]
[BlackElo "1964"]
[TimeControl "180+1"]
[EndTime "15:52:40 PDT"]
[Termination "SoCalJuniorChess won by resignation"]

1. d4 Nf6 2. Nc3 c5 3. d5 d6 4. e4 g6 5. f4 Bg7 6. Bb5+ Bd7 7. e5 dxe5 8. fxe5 Ng4 9. Qxg4 Bxb5 10. Nxb5 Bxe5 11.
Nc3 Bxc3+ 12. bxc3 Qxd5 13. Qc8+ Qd8 14. Qxb7 Nd7 15.
Bh6 e6 16. Rd1 Ke7 17. Rxd7+ Qxd7 18. Bg5+ Kd6 19. Bf4+ Ke7 20. Bg5+ Kd6 21. Qa6+ Qc6 22. Qd3+ Qd5 23. Qa6+ Qc6 24. Bf4+ Kd7 25. Qd3+ Ke7 26. Nf3 Rhd8 27. Qe3 Rd5 28. O-O Rad8 29. Ne5 Qb7 30.
Bg5+ Ke8 31. Bxd8 Kxd8 32. Nxf7+ Ke8 33. Qxe6+ 1-0

[Event "Late-Titled-Tuesday-Blitz-May-14-2024"]
[Site "Chess.com"]
[Date "2024.05.14"]
[Round "10"]
[White "Kacparov"]
[Black "MatthewG-p4p"]
[Result "0-1"]
[WhiteElo "2916"]
[BlackElo "2852"]
[TimeControl "180+1"]
[EndTime "15:52:45 PDT"]
[Termination "MatthewG-p4p won by checkmate"]

1. e4 e6 2. d4 d5 3. Nd2 a6 4. Ngf3 Nf6 5. Bd3 c5 6. dxc5 dxe4 7. Nxe4 Nxe4 8. Bxe4 Qxd1+ 9. Kxd1 Bxc5 10. Ke2 Nd7 11. Rd1 Nf6 12. Bd3 b6 13. c3 Bb7 14. a4 O-O 15. a5 b5 16. Be3 Bxe3 17. fxe3 Rfd8 18.
g3 Kf8 19. Nd4 Ke7 20. Nc2 Ng4 21. Nb4 Ne5 22. Rf1 Nxd3 23. Nxd3 Bd5 24. Rfd1 Bc4 25. e4 f5 26. exf5 exf5 27. Ke3 Kf6 28. Nc5 Re8+ 29.
Kf2 Re2+ 30. Kg1 Rxb2 31. Rd6+ Kg5 32. Rxa6 Re8 33. Rd6 Ree2 34. a6 Rg2+ 35. Kh1 Rxh2+ 36. Kg1 Rbg2# 0-1

[Event "Late-Titled-Tuesday-Blitz-May-14-2024"]
[Site "Chess.com"]
[Date "2024.05.14"]
[Round "10"]
[White "bubeliang"]
[Black "ATM622"]
[Result "1-0"]
[WhiteElo "2798"]
[BlackElo "2556"]
[TimeControl "180+1"]
[EndTime "15:52:49 PDT"]
[Termination "bubeliang won by resignation"]

1. e4 c6 2. d4 d5 3. Nd2 dxe4 4. Nxe4 Bf5 5. Ng3 Bg6 6. Nh3 e6 7. Nf4 Bd6 8. h4 Bxf4 9. Bxf4 h5 10. c3 Nf6 11. Bg5 Nbd7 12. Bd3 Bxd3 13. Qxd3 Qb6 14. Qe2 Qb5 15. Qxb5 cxb5 16. Ke2 O-O-O 17. a4 bxa4 18. Rxa4 a6 19. Rha1 Nb6 20. Ra5 Rd5 21.
Bxf6 gxf6 22. Ne4 f5 23. Rxd5 Nxd5 24. Nd6+ Kc7 25. Nxf7 Rf8 26. Ne5 Nf4+ 27. Kf3 Nd5 28. g3 f4 29. g4 hxg4+ 30. Nxg4 Rh8 31. Rh1 b5 32. h5 Kd6 33. h6 Ke7 34. Ne5 Kf6 35.
Rg1 Kf5 36. Ng4 Ne7 37. Re1 Ng6 38. Rh1 Kg5 39. Ne5 Nxe5+ 40. dxe5 Rxh6 41. Rxh6 Kxh6 42. Kxf4 Kh5 43. b4 Kh4 44. f3 Kh5 45. Kg3 Kg5 46.
f4+ Kf5 47. Kf3 Kg6 48. Ke4 Kf7 49. f5 exf5+ 50. Kxf5 Ke7 51. e6 a5 52. bxa5 1-0

[Event "Late-Titled-Tuesday-Blitz-May-14-2024"]
[Site "Chess.com"]
[Date "2024.05.14"]
[Round "10"]
[White "Stanbad1"]
[Black "AccioChess"]
[Result "0-1"]
[WhiteElo "2604"]
[BlackElo "2499"]
[TimeControl "180+1"]
[EndTime "15:52:49 PDT"]
[Termination "AccioChess won by resignation"]

1. d4 Nf6 2. Nc3 c5 3. d5 d6 4. e4 g6 5. Nf3 Bg7 6. Be2 O-O 7.
O-O Bg4 8. Nd2 Bxe2 9. Qxe2 Nbd7 10. Nc4 Rb8 11. a4 b6 12. Rb1 a6 13. Bf4 b5 14. Nd2 bxa4 15. Nxa4 Rb4 16. Nc3 Qb6 17. b3 Nh5 18. Na4 Nxf4 19. Qf3 Qa5 20. Qxf4 Ne5 21. Nb2 Rd4 22. Nbc4 Qc3 23. Qe3 Qxc2 24. f3 Rd3 25. Qe1 Nxc4 26. Nxc4 Rxb3 27. Rc1 Qa2 28. Kh1 Bd4 29.
Qh4 f6 30. Qg4 Kg7 31. Qe6 Rf7 32. h4 h5 33. f4 Rg3 34. Rg1 Bxg1 35. Rxg1 Qxc4 36. Kh2 Qd3 37. e5 fxe5 38. fxe5 Re3 39. exd6 Rxe6 40. d7 Rd6 0-1